 Dungeon Crawl Stone Soup version 0.29.1-15-g9cfb28693d (webtiles) character file.

Game seed: 12014125948402911744

5094 croobank the Storyteller (level 10, -1/65 HPs)
             Began as a Demonspawn Fire Elementalist on Apr 20, 2023.
             Was a Believer of Hepliaklqana.
             Succumbed to a hornet's poison
             ... on level 9 of the Dungeon.
             The game lasted 00:26:30 (12059 turns).

croobank the Storyteller (DsFE)                    Turns: 12059, Time: 00:26:31

Health: -1/65      AC:  8    Str:  6    XL:     10   Next: 32%
Magic:  20/27      EV: 14    Int: 21    God:    Hepliaklqana [**....]
Gold:   542        SH:  0    Dex: 14    Spells: 13/19 levels left

rFire   . . .      SeeInvis .   B - +8 trident "Esouseg" {flame, rElec rC+ Str-2}
rCold   + . .      Faith    .   (no shield)
rNeg    . . .      Spirit   .   c - +2 robe
rPois   .          Reflect  .   (no helmet)
rElec   +          Harm     .   v - +0 cloak
rCorr   .          Rampage  .   (no gloves)
Will    .....                   (no boots)
Stlth   +++.......              (no amulet)
HPRegen 0.20/turn               C - ring of magical power
MPRegen 0.20/turn               D - ring of wizardry

@: lethally poisoned (-1 -> -5), slowed, very slow
A: reduced essence, claws 1, molten scales 2, demonic guardian 1, foul stench 2
a: Renounce Religion, Recall Ancestor, Ancestor Identity


You were on level 9 of the Dungeon.
You worshipped Hepliaklqana.
Hepliaklqana was pleased with you.
You visited 1 branch of the dungeon, and saw 9 of its levels.

You collected 542 gold pieces.

Inventory:

Hand Weapons
 a - a +1 vampiric short sword
 h - a +0 rapier
 l - a +3 long sword
 o - a +6 dagger of venom
 t - a +2 scimitar of flaming
 u - a +2 quarterstaff of chaos
 y - a +1 vampiric trident
 z - the +4 mace "Cytytac" {flame, rN++}
   (You found it on level 9 of the Dungeon)

   It burns those it strikes, dealing additional fire damage.
   rN:        It greatly protects you from negative energy.
 B - the +8 trident "Esouseg" (weapon) {flame, rElec rC+ Str-2}
   (You found it on level 6 of the Dungeon)

   It burns those it strikes, dealing additional fire damage.
   Str:       It affects your strength (-2).
   rC:        It protects you from cold.
   rElec:     It insulates you from electricity.
 E - a +4 great sword of freezing
Missiles
 b - 17 poisoned darts
 f - 5 atropa-tipped darts (quivered)
 m - 7 javelins
 n - 4 boomerangs
Armour
 c - a +2 robe (worn)
 v - a +0 cloak (worn)
 G - a +2 ring mail of fire resistance
Jewellery
 C - a ring of magical power (left claw)
 D - a ring of wizardry (right claw)
Wands
 j - a wand of iceblast (16)
 q - a wand of digging (9)
 F - a wand of mindburst (10)
Scrolls
 d - 2 scrolls of fear
 p - 2 scrolls of enchant armour
Potions
 e - 4 potions of mutation
 g - 2 potions of attraction
 i - 4 potions of curing
 k - 2 potions of lignification
 r - 3 potions of brilliance {unknown}
 s - 2 potions of haste {unknown}
 w - 5 potions of heal wounds
 x - 2 potions of flight {unknown}


   Skills:
 + Level 4.6 Fighting
 + Level 5.3 Dodging
 + Level 5.7 Stealth
 + Level 5.3 Spellcasting
 + Level 5.5 Conjurations
 + Level 4.6 Hexes
 + Level 5.6 Fire Magic
 * Level 7.9 Invocations


You had 13 spell levels left.
You knew the following spells:

 Your Spells              Type           Power      Damage    Failure   Level
a - Foxfire               Conj/Fire      100%       2x1d9     1%          1
b - Scorch                Fire           58%        2d7       1%          2
c - Inner Flame           Hex/Fire       27%        N/A       1%          3

Your spell library contained the following spells:

 Spells                   Type           Power      Damage    Failure   Level
 Conjure Flame            Conj/Fire      29%        6-21      1%          3
 Flame Wave               Conj/Fire      29%        2d9       4%          4


Dungeon Overview and Level Annotations

Branches:
Dungeon (9/15)             Temple (0/1) D:5
   Lair: D:8-11         Orc: D:9-12

Altars:
Hepliaklqana
Nemelex Xobeh
Qazlal
Ru
Uskayaw
Vehumet
Yredelemnul

Annotations:
D:7 exclusion: statue


Innate Abilities, Weirdness & Mutations

Your life essence is reduced to manifest your ancestor. (-10% HP)
You have sharp fingernails.
You are mostly covered in molten scales. (AC +3)
A weak demonic guardian rushes to your aid.
You sometimes emit foul miasma when damaged in melee.


Message History

Arammadara is destroyed!
You hit the hornet but do no damage.
The hornet is heavily wounded.
The hornet is no longer more vulnerable to fire.
The hornet stings you!
You are poisoned.
You feel yourself slow down. The hornet barely misses you.
Casting: Scorch (safe; 1% risk of failure)
Confirm with . or Enter, or press ? or * to list all spells.
Flames lash the troll.
The troll is severely wounded.
The troll's fire resistance burns away.
You feel very sick. The hornet stings you!
You feel as though you will be slow longer.
The hornet stings you!
You feel as though you will be slow longer.
Casting: Scorch (safe; 1% risk of failure)
Confirm with . or Enter, or press ? or * to list all spells.
You don't know that spell.
Unknown command.
You puncture the hornet! You burn the hornet.
The hornet is severely wounded.
You feel very sick.
The hornet stings you but does no damage. x2
The troll bites you but does no damage. The troll claws you!
The troll claws you.
* * * LOW HITPOINT WARNING * * *
You emit a cloud of foul miasma!
The hornet stings you!
* * * LOW HITPOINT WARNING * * *
A demonic guardian appears!
You feel as though you will be slow longer.
The troll is engulfed in dark miasma.
The troll is poisoned.
The troll seems to slow down.
The troll misses you. The troll claws you.
* * * LOW HITPOINT WARNING * * *
The troll closely misses you.
Blink to where?
Press: ? - help, Dir - move target
As you read the scroll of blinking, it crumbles to dust.
You die...

##.........## ##########
##⌠.⌠#.####..### .........#
#.._...# ##...# .........#
#.⌠.⌠..# ###.# .........#
#.#...## #.#
.........###...)))## #.##
...................# #..##
.......§........##.#######..##
.!....Ty......@##R....##.....##
.......5......##.......)......#
####....#.....#................
#.#........#................
............#......).........
............#................
..#....#.....#................
#.....#........>.......
##.........<....#


You could see a hornet and a friendly shadow imp (summoned).

Vanquished Creatures
  Erica (D:9)
  Maurice (D:8)
  A hornet (D:8)
  Eustachio (D:6)
  A water moccasin (D:4)
  Duvessa (D:4)
  An ice beast (D:6)
  A sky beast (D:7)
  An ogre (D:6)
  2 centaurs
  2 kobold brigands
  2 bullfrogs (D:6)
  2 wyvern zombies (D:6)
  2 gnoll sergeants
  A wight (D:6)
  Dowan (D:4)
  4 killer bees (D:8)
  A howler monkey (D:5)
  2 bullfrog zombies (D:6)
  A centaur zombie (D:6)
  A human zombie (D:6)
  A gnoll bouda (D:8)
  3 orc priests
  Crazy Yiuf (D:4)
  6 hounds
  Terence (D:3)
  2 iguanas
  5 orc wizards
  2 mummies (D:6)
  15 gnolls
  4 adders
  4 white imps
  2 ufetubi
  3 worms
  3 dart slugs
  31 orcs
  12 ball pythons
  13 endoplasms
  2 giant cockroaches
  7 goblins
  13 hobgoblins
  12 jackals
  17 kobolds
  5 quokkas
  5 bats
  A frilled lizard (D:1)
  9 rats
209 creatures vanquished.

Vanquished Creatures (collateral kills)
  A two-headed ogre (D:8)
  A hornet (D:9)
  A water moccasin (D:7)
  A black bear (D:6)
  A hornet zombie (D:6)
  A killer bee (D:8)
  A bullfrog zombie (D:6)
  2 orc priests
  A gnoll bouda (D:8)
  An orc wizard (D:9)
  A killer bee zombie (D:6)
  An adder (D:5)
  5 gnolls
  9 orcs
  6 kobolds (D:9)
  A rat (D:3)
34 creatures vanquished.

Vanquished Creatures (others)
  2 battlemagi (D:9)
  An ancestor (D:8)
  249 foxfires
252 creatures vanquished.

Grand Total: 495 creatures vanquished

Notes
Turn   | Place    | Note
-------+----------+-------------------------------------------
     0 | D:1      | croobank the Demonspawn Fire Elementalist began the quest
                  | for the Orb.
     0 | D:1      | Reached XP level 1. HP: 13/13 MP: 3/3
   341 | D:1      | Gained mutation: You may rarely emit foul miasma when
                  | damaged in melee. [demonic ancestry]
   341 | D:1      | Reached XP level 2. HP: 19/19 MP: 1/5
   461 | D:1      | Learned a level 2 spell: Scorch
   941 | D:1      | Reached XP level 3. HP: 24/24 MP: 3/6
  2426 | D:3      | Reached XP level 4. HP: 30/30 MP: 3/7
  2880 | D:3      | Noticed Terence
  2888 | D:3      | Killed Terence
  2889 | D:3      | Gained mutation: You are partially covered in molten
                  | scales. (AC +2) [demonic ancestry]
  2889 | D:3      | Reached XP level 5. HP: 35/35 MP: 6/9
  3675 | D:3      | Found a faded altar of an unknown god.
  4028 | D:4      | Noticed Dowan
  4035 | D:4      | Learned a level 3 spell: Inner Flame
  4037 | D:4      | Noticed Duvessa
  4459 | D:5      | Entered Level 5 of the Dungeon
  4477 | D:5      | Gained mutation: A weak demonic guardian rushes to your
                  | aid. [demonic ancestry]
  4477 | D:5      | Reached XP level 6. HP: 31/42 MP: 1/10
  4596 | D:4      | Noticed a water moccasin
  4604 | D:4      | Killed a water moccasin
  4605 | D:4      | Reached skill level 1 in Fighting
  4605 | D:4      | Reached skill level 1 in Hexes
  5077 | D:4      | Killed Dowan
  5078 | D:4      | Gained mutation: You have sharp fingernails. [demonic
                  | ancestry]
  5078 | D:4      | Reached XP level 7. HP: 6/48 MP: 1/12
  5079 | D:4      | Killed Duvessa
  5430 | D:4      | Found a stormy altar of Qazlal.
  5615 | D:4      | Found a runed translucent door.
  5616 | D:4      | Noticed Crazy Yiuf
  5623 | D:4      | Killed Crazy Yiuf
  5854 | D:4      | Found a hazy altar of Hepliaklqana.
  5858 | D:4      | Became a worshipper of Hepliaklqana the Forgotten
  6257 | D:5      | Reached skill level 1 in Invocations
  6695 | D:5      | Reached skill level 2 in Invocations
  7155 | D:5      | Found a staircase to the Ecumenical Temple.
  7209 | D:6      | Reached XP level 8. HP: 41/56 MP: 4/13
  7389 | D:6      | Reached * piety under Hepliaklqana
  7470 | D:6      | Reached skill level 3 in Invocations
  7470 | D:6      | Noticed Eustachio
  7478 | D:6      | Killed Eustachio
  7620 | D:6      | Identified the +8 trident "Esouseg" {flame, rElec rC+
                  | Str-2}
  7625 | D:6      | Reached skill level 4 in Invocations
  8062 | D:6      | Found a basalt altar of Yredelemnul.
  8452 | D:6      | Reached skill level 5 in Invocations
  8452 | D:6      | Gained mutation: You are mostly covered in molten scales.
                  | (AC +3) [demonic ancestry]
  8452 | D:6      | Reached XP level 9. HP: 54/57 MP: 15/15
  8681 | D:6      | Found a sacrificial altar of Ru.
  9263 | D:7      | Found a hide-covered altar of Uskayaw.
  9308 | D:7      | Found a radiant altar of Vehumet.
  9503 | D:7      | Reached skill level 5 in Fire Magic
 10375 | D:8      | Reached ** piety under Hepliaklqana
 10378 | D:8      | Remembered your ancestor Arammadara as a battlemage
 10381 | D:8      | Reached skill level 5 in Stealth
 10381 | D:8      | Reached skill level 6 in Invocations
 10711 | D:8      | Noticed Maurice
 10720 | D:8      | Killed Maurice
 10721 | D:8      | Reached skill level 5 in Conjurations
 10821 | D:8      | Noticed a two-headed ogre
 10826 | D:8      | Killed a two-headed ogre
 10827 | D:8      | Reached skill level 5 in Dodging
 10827 | D:8      | Reached skill level 5 in Spellcasting
 10827 | D:8      | Reached skill level 7 in Invocations
 10827 | D:8      | Gained mutation: You sometimes emit foul miasma when
                  | damaged in melee. [demonic ancestry]
 10827 | D:8      | Reached XP level 10. HP: 64/64 MP: 17/17
 11609 | D:9      | Identified the +4 mace "Cytytac" {flame, rN++}
 11609 | D:9      | Noticed Erica
 11622 | D:9      | Killed Erica
 11871 | D:9      | Found a sparkling altar of Nemelex Xobeh.
 12058 | D:9      | HP: 1/65 [troll (5)]
 12059 | D:9      | Succumbed to a hornet's poison

Illustrated notes

Levels and vault maps discovered:
D:1:      saegor_arrival_simple_e, layout_loops_ring, kennysheep_minor_cross,
          hangedman_decor_clover_reticule, kennysheep_crisscross,
          kennysheep_nondescript, minmay_heptomino_w4
D:2:      layout_rooms
D:3:      minmay_spotlight, layout_basic,
          dreamdust_ecumenical_altar_hidden_monk_grotto,
          amcnicky_mini_corridor_feature, minmay_joined_circles, uniq_terence
D:4:      layout_loops_ring, mainiacjoe_overflow_six_doors_small,
          nzn_hepliaklqana_mist_gate, uniq_duvessa, uniq_crazy_yiuf_cottage
D:5:      layout_loops_ring, minmay_temple_entry_nine_rooms
D:6:      layout_basic, lemuel_mausoleum_altar_yredelemnul,
          nicolae_ru_the_path_less_chosen, serial_rivers,
          chequers_serial_rivers_large_b, chequers_serial_rivers_micro_d,
          chequers_serial_rivers_room_a, chequers_serial_rivers_micro_c,
          chequers_serial_rivers_large_a, chequers_mini_garden,
          nrook_loot_triangle, grunt_ministairs_13, uniq_eustachio
D:7:      layout_loops_ring, vehumet_statue, nicolae_overflow_hidden_temple,
          nicolae_elevator_lobby_asterisk
D:8:      layout_basic, uniq_maurice
D:9:      layout_rooms, kennysheep_mini, nemelex_xobeh_ov_fountains_minmay,
          erik_lair_dragon, uniq_erica

Skill      XL: |  1  2  3  4  5  6  7  8  9 |
---------------+----------------------------+-----
Stealth        | 2 3 4 5 |  5.7
Dodging        | 2 3 4 5 |  5.3
Fire Magic     | 3 4 5 |  5.6
Conjurations   | 2 3 4 5 |  5.5
Spellcasting   | 3 4 5 |  5.3
Fighting       | 1 2 3 4 |  4.6
Hexes          | 1 2 3 4 |  4.6
Invocations    | 2 5 7 |  7.9

Action                   |  1- 3 |  4- 6 |  7- 9 | 10-12 || total
-------------------------+-------+-------+-------+-------++-------
Melee: Unarmed           |    12 |       |       |       ||    12
       Short sword       |    24 |    11 |       |       ||    35
       Dagger            |       |    99 |    48 |       ||   147
       Punch             |       |       |     4 |       ||     4
       Trident           |       |       |    93 |    22 ||   115
Throw: Dart              |       |     2 |       |       ||     2
 Cast: Foxfire           |    60 |    22 |    44 |    27 ||   153
       Scorch            |    14 |    31 |    79 |    14 ||   138
       Inner Flame       |       |     6 |     2 |       ||     8
Invok: Ancestor Life: Ba |       |       |     1 |       ||     1
  Use: Potion            |     1 |     1 |     2 |       ||     4
       Scroll            |     4 |    10 |     7 |     4 ||    25
 Stab: Sleeping          |     2 |     1 |    10 |       ||    13
Armor: Robe              |     8 |    28 |    51 |    13 ||   100
Dodge: Dodged            |    46 |    80 |   130 |    17 ||   273
